 Dungeon Crawl Stone Soup version 0.20-a0-537-g052e6ba (webtiles) character file.

3530 AlphabetPasta the Zephyrmancer (level 9, -2/68 HPs)
             Began as a Centaur Air Elementalist on Jan 28, 2017.
             Was a Follower of Ru.
             Slain by a two-headed ogre
             ... wielding a +0 dire flail
              (15 damage)
             ... on level 8 of the Dungeon.
             The game lasted 00:54:21 (11846 turns).

AlphabetPasta the Zephyrmancer (CeAE)              Turns: 11846, Time: 00:54:25

Health: -2/68      AC: 10    Str: 10    XL:     9   Next: 82%
Magic:  4/19       EV: 10    Int: 17    God:    Ru [*.....]
Gold:   482        SH:  2    Dex: 11    Spells: 13/21 levels left

rFire    + . .     SeeInvis .   b - +2 shortbow (flame)
rCold    + . .     Gourm    .   B - +2 robe {rF+}
rNeg     . . .     Faith    .   (shield currently unavailable)
rPois    .         Spirit   .   i - +1 helmet
rElec    .         Reflect  +   g - +0 cloak
rCorr    .         Harm     .   u - +0 pair of gloves
MR       +....                  (no barding)
Stlth    +.........             j - +2 amulet of reflection
Regen    0.3/turn               q - ring of protection from magic
                                w - ring of protection from cold

@: swift, very slightly contaminated, repel missiles, very quick
A: hooves 3, deformed body, speed 2, tough skin 3, inexperienced 1
a: Renounce Religion


You were on level 8 of the Dungeon.
You worshipped Ru.
Ru was aware of your devotion.
You were hungry.

You visited 2 branches of the dungeon, and saw 9 of its levels.

You collected 482 gold pieces.

Inventory:

Hand Weapons
 a - a +4 quarterstaff of chaos
 b - a +2 shortbow of flaming (weapon)
 f - a +0 scythe
Missiles
 d - 6 silver javelins
 h - 164 arrows (quivered)
Armour
 g - a +0 cloak (worn)
 i - a +1 helmet (worn)
 r - a +0 robe
 u - a +0 pair of gloves (worn)
 B - a +2 robe of fire resistance (worn)
Jewellery
 j - a +2 amulet of reflection (around neck)
 m - an uncursed ring of flight
 q - a ring of protection from magic (right hand)
 w - a ring of protection from cold (left hand)
Wands
 n - a wand of disintegration (4/24)
 s - a wand of polymorph (5/24)
 y - a wand of enslavement (18/24)
 z - a wand of iceblast (11/15)
 C - a wand of disintegration (16/24)
Scrolls
 e - 7 scrolls of remove curse
 x - a scroll of enchant weapon
 A - 2 scrolls of amnesia
 E - 2 scrolls of teleportation
Potions
 c - a potion of cure mutation
 l - a potion of heal wounds {unknown}
 o - a potion of berserk rage
 t - 2 potions of curing
Books
 v - a book of Air

   Spells                             Type                      Level
   a - Shock                          Conjuration/Air              1
   b - Swiftness                      Charms/Air                   2
   c - Repel Missiles                 Charms/Air                   2
   d - Static Discharge               Conjuration/Air              3
   e - Lightning Bolt                 Conjuration/Air              5
Comestibles
 k - 9 chunks of flesh
 p - 3 royal jellies


   Skills:
 - Level 2.3 Fighting
 - Level 2.0 Staves
 + Level 1.6 Bows
 - Level 2.2 Dodging
 - Level 1.1 Stealth
 * Level 6.8 Spellcasting
 + Level 5.5 Conjurations
 + Level 5.1 Charms
 * Level 8.7 Air Magic
 - Level 1.0 Evocations


You had 13 spell levels left.
You knew the following spells:

 Your Spells              Type           Power        Failure   Level  Hunger
a - Shock                 Conj/Air       ####         1%          1    None
b - Repel Missiles        Chrm/Air       ####..       1%          2    None
c - Swiftness             Chrm/Air       ####....     1%          2    None
d - Static Discharge      Conj/Air       ####....     1%          3    ##.....


Dungeon Overview and Level Annotations

Branches:
Dungeon (8/15)             Temple (1/1) D:4
   Lair: D:8-11

Altars:
Ashenzari
Cheibriados
Dithmenos
Elyvilon
Fedhas
Gozag
Hepliaklqana
Kikubaaqudgha
Makhleb
Nemelex Xobeh
Okawaru
Qazlal
Ru
Sif Muna
Trog
Uskayaw
Vehumet
Xom
Yredelemnul
Zin
The Shining One

Shops:
D:6 *


Innate Abilities, Weirdness & Mutations

You have hooves in place of feet.
Armour fits poorly on your strangely shaped body.
You cover ground very quickly.
You have extremely tough skin. (AC +3)
You are somewhat inexperienced. (-2 XL)


Message History

Firing (i - inventory. (,) - cycle):
h - 165 arrows (quivered)
Press: ? - help, Shift-Dir - straight line, f/p - two-headed ogre
Aim: a two-headed ogre, wielding two dire flails (severely wounded)
You shoot an arrow.
The arrow barely misses the two-headed ogre.
The arrow closely misses the orc.
Casting: Static Discharge
Confirm with . or Enter, or press ? or * to list all spells.
The two-headed ogre is struck by lightning.
The two-headed ogre is severely wounded.
The lightning arcs!
You are struck by lightning.
* * * LOW HITPOINT WARNING * * *
The lightning arcs!
The two-headed ogre is struck by lightning.
The two-headed ogre is severely wounded.
The lightning grounds out.
The two-headed ogre hits you with a dire flail!
* * * LOW HITPOINT WARNING * * *
The two-headed ogre hits you with a dire flail!
You die...

#.# #######.### ........[<#
.....#.### .###.#.# ####
###### ###.###.#[# #..
.....## . .........# #.#
....... .
###.###.#(####.###.......
.##......(.((.oO@))).......
....#.##....####.###.......
....#.#.....# ..... .......
....#.#....###.#.###.......
.##........###.#.. .....#'
......#.#......#### ###..#
..................### ..#
..##..#.#.#.........# .#
#.##..#.#)#..........


You could see a two-headed ogre and an orc.

Vanquished Creatures
  A two-headed ogre (D:6)
  A hippogriff (D:8)
  Sigmund (D:3)
  The ghost of a5tp the Cudgeler, an amateur NaFi (D:3)
  7 yaks (D:7)
  The ghost of Asddderdsw the Digger, an amateur DgEE (D:4)
  Menkaure (D:6)
  3 water moccasins
  2 orc warriors (D:8)
  An ice beast (D:8)
  5 sky beasts
  4 ogres
  4 centaurs
  3 bullfrogs
  2 jellies
  5 scorpions
  2 killer bees (D:8)
  4 howler monkeys
  2 crimson imps
  2 hounds
  3 orc priests
  Crazy Yiuf (D:3)
  Natasha (thrice) (D:3)
  A bullfrog skeleton (D:7)
  Ijyb (D:2)
  2 iguanas (D:6)
  6 orc wizards
  3 worker ants
  A statue (D:6)
  A hound zombie (D:8)
  A worker ant zombie (D:6)
  11 adders
  A shadow imp (D:5)
  An ooze (D:1)
  A worm (D:5)
  8 leopard geckos
  18 orcs
  2 ball pythons
  5 giant cockroaches
  5 goblins
  8 hobgoblins
  10 jackals
  11 kobolds
  5 quokkas
  4 bats
  7 frilled lizards
  A giant cockroach zombie (D:3)
  2 leopard gecko skeletons
  A leopard gecko zombie (D:5)
  A quokka skeleton (D:5)
  7 rats
184 creatures vanquished.

Vanquished Creatures (others)
  A killer bee (D:8)
1 creature vanquished.

Grand Total: 185 creatures vanquished

Notes
Turn   | Place    | Note
-------+----------+-------------------------------------------
     0 | D:1      | AlphabetPasta the Centaur Air Elementalist began the quest for the Orb.
     0 | D:1      | Reached XP level 1. HP: 14/14 MP: 3/3
    31 | D:1      | Reached skill level 1 in Conjurations
   294 | D:1      | Reached XP level 2. HP: 20/20 MP: 0/4
   307 | D:1      | Learned a level 2 spell: Repel Missiles
   432 | D:1      | Learned a level 2 spell: Swiftness
  1081 | D:1      | Reached XP level 3. HP: 26/26 MP: 0/6
  1413 | D:2      | Learned a level 2 spell: Swiftness
  1467 | D:2      | Noticed Ijyb
  1514 | D:2      | Killed Ijyb
  1514 | D:2      | Reached skill level 3 in Air Magic
  2027 | D:2      | Reached XP level 4. HP: 25/33 MP: 0/7
  2722 | D:3      | Noticed Sigmund
  2739 | D:3      | Killed Sigmund
  2739 | D:3      | Reached skill level 1 in Charms
  2739 | D:3      | Reached skill level 4 in Air Magic
  2739 | D:3      | Reached XP level 5. HP: 5/38 MP: 1/9
  2739 | D:3      | Reached XP level 6. HP: 6/45 MP: 1/10
  3004 | D:3      | Learned a level 3 spell: Static Discharge
  3126 | D:3      | Noticed Natasha
  3148 | D:3      | Killed Natasha
  3213 | D:3      | Noticed a5tp's ghost (amateur NaFi)
  3496 | D:3      | Killed a5tp's ghost
  3533 | D:3      | Noticed Natasha
  3557 | D:3      | Killed Natasha
  3967 | D:3      | Found a runed door.
  3971 | D:3      | Noticed Crazy Yiuf
  4358 | D:3      | Killed Crazy Yiuf
  4358 | D:3      | Reached XP level 7. HP: 50/50 MP: 4/12
  4473 | D:3      | Noticed Natasha
  4477 | D:3      | Killed Natasha
  4570 | D:3      | Found a faded altar of an unknown god.
  4930 | D:4      | Found a burning altar of Makhleb.
  5112 | D:4      | Found a staircase to the Ecumenical Temple.
  5118 | D:4      | Reached skill level 5 in Air Magic
  5329 | D:4      | Noticed Asddderdsw's ghost (amateur DgEE)
  5334 | Temple   | Entered the Ecumenical Temple
  5510 | Temple   | Became a worshipper of Ru the Awakened
  5537 | D:4      | Killed Asddderdsw's ghost
  5537 | D:4      | Reached skill level 1 in Staves
  5848 | D:4      | Found an iron altar of Okawaru.
  6184 | D:4      | Found a bloodstained altar of Trog.
  6323 | D:5      | Entered Level 5 of the Dungeon
  6326 | D:5      | Reached skill level 1 in Fighting
  6326 | D:5      | Reached XP level 8. HP: 54/59 MP: 10/14
  6853 | D:5      | Reached skill level 1 in Bows
  6889 | D:5      | Reached skill level 6 in Air Magic
  7684 | D:6      | Reached skill level 5 in Spellcasting
  7808 | D:6      | Noticed Menkaure
  7814 | D:6      | Killed Menkaure
  7814 | D:6      | Reached skill level 1 in Evocations
  8166 | D:6      | Reached XP level 9. HP: 52/64 MP: 7/16
  8310 | D:6      | Found a radiant altar of Vehumet.
  8624 | D:6      | Noticed a two-headed ogre
  8735 | D:6      | Killed a two-headed ogre
  8735 | D:6      | Reached skill level 7 in Air Magic
  9442 | D:6      | Found Nusyllel's General Store.
  9451 | D:6      | Found a snail-covered altar of Cheibriados.
  9483 | D:6      | Gained mutation: You are somewhat inexperienced. (-2 XL) [Ru sacrifice]
  9483 | D:6      | Reached XP level 8. HP: 62/62 MP: 16/16
  9483 | D:6      | Reached XP level 7. HP: 56/56 MP: 15/15
  9483 | D:6      | Reached * piety under Ru
  9567 | D:7      | Noticed a yak
  9567 | D:7      | Noticed a yak
  9567 | D:7      | Noticed a yak
  9567 | D:7      | Noticed a yak
  9568 | D:7      | Noticed a yak
  9569 | D:7      | Noticed a yak
  9584 | D:7      | Killed a yak
  9587 | D:7      | Killed a yak
  9587 | D:7      | Reached XP level 8. HP: 61/62 MP: 3/17
  9597 | D:7      | Reached skill level 8 in Air Magic
  9602 | D:7      | Reached skill level 5 in Conjurations
 10063 | D:7      | Reached XP level 9. HP: 67/68 MP: 12/18
 10796 | D:8      | Noticed a two-headed ogre
 11112 | D:8      | Reached skill level 5 in Charms
 11846 | D:8      | Slain by a two-headed ogre

Vault maps used:
D:1:      dpeg_arrival_more_subterranean_lakeside_camping, st_stairs_1
D:2:      first_bread, kennysheep_generic_room_3, uniq_iyjb
D:3:      chequers_ecumenical_altar_lobes, uniq_sigmund, uniq_natasha,
          uniq_crazy_yiuf_cottage
D:4:      bloody_trog, okawaru_metal_pillars_1_2, temple_pool_b,
          nrook_loot_triangle, makhleb_blood_cavern_becter
D:6:      kennysheep_mini, vehumet_statue, serial_shops, nicolae_shop_stone,
          uniq_menkaure
D:8:      kennysheep_small_circle, uniq_joseph
Temple:   bh_familiar_temple

Skill      XL: |  1  2  3  4  5  6  7  8  9 |
---------------+----------------------------+-----
Conjurations   | 1 2 3 5 |  5.5
Spellcasting   | 2 3 6 5 |  6.8
Air Magic      | 3 4 5 8 7 |  8.7
Charms         | 1 2 3 5 |  5.1
Staves         | 1 2 |  2.0
Fighting       | 1 2 |  2.3
Bows           | 1 |  1.6
Evocations     | 1 |  1.0
Dodging        | 2 |  2.2
Stealth        | |  1.1

Action                   |  1- 3 |  4- 6 |  7- 9 || total
-------------------------+-------+-------+-------++-------
Melee: Unarmed           |    83 |    25 |       ||   108
       Kick              |    10 |       |    24 ||    34
       Scythe            |       |    16 |       ||    16
       Quarterstaff      |       |       |   117 ||   117
 Fire: Shortbow          |       |       |    58 ||    58
Throw: Javelin           |       |     7 |    19 ||    26
 Cast: Shock             |    68 |    87 |   354 ||   509
       Repel Missiles    |     1 |     1 |     1 ||     3
       Swiftness         |       |     1 |     4 ||     5
       Static Discharge  |       |       |    15 ||    15
Invok: Sacrifice Experie |       |       |     1 ||     1
Evoke: Wand              |       |       |     4 ||     4
  Use: Scroll            |     7 |     1 |     7 ||    15
       Potion            |       |     1 |       ||     1
 Stab: Sleeping          |       |     1 |       ||     1
  Eat: Chunk             |     1 |     6 |    10 ||    17
       Bread ration      |     1 |       |     1 ||     2
       Meat ration       |       |       |     1 ||     1
Armor: Robe              |    28 |    15 |    80 ||   123
       Skin              |       |     2 |       ||     2
Dodge: Dodged            |    43 |    25 |    86 ||   154
       Deflected         |     1 |       |     8 ||     9
Block: Other             |       |       |     5 ||     5
